 Dungeon Crawl Stone Soup version 0.28.0-53-g5a82cb258f (webtiles) character file.

Game seed: 17563903482214370152

2907 jamesp the Destroyer (level 9, -1/75 HPs)
             Began as a Grey Draconian Conjurer on Aug 2, 2022.
             Was a Follower of Vehumet.
             Slain by Psyche
             ... wielding a +4 dagger of chaos
              (17 damage)
             ... on level 8 of the Dungeon.
             The game lasted 00:35:08 (6336 turns).

jamesp the Destroyer (Grey Draconian Conjurer)      Turns: 6336, Time: 00:35:10

Health: -1/75      AC: 18    Str:  9    XL:     9   Next: 49%
Magic:  12/16      EV: 13    Int: 29    God:    Vehumet [*.....]
Gold:   374        SH:  0    Dex: 16    Spells: 15/18 levels left

rFire   . . .      SeeInvis .   e - +3 dagger (venom)
rCold   . . .      Faith    .   (no shield)
rNeg    . . .      Spirit   .   (armour unavailable)
rPois   +          Reflect  .   (helmet restricted)
rElec   .          Harm     .   j - +0 cloak
rCorr   .          Rampage  .   C - +1 Delatra's gloves {ID++}
Will    .....                   E - +2 pair of boots "Qargh" {+Blink Int+4 Dex+2}
Stlth   ++........              (no amulet)
HPRegen 0.22/turn               r - +6 ring of intelligence
MPRegen 0.15/turn               H - ring of poison resistance

@: attractive
A: AC +12, amphibious, unfitting armour, cold-blooded
a: Renounce Religion, Evoke Blink


You were on level 8 of the Dungeon.
You worshipped Vehumet.
Vehumet was aware of your devotion.
You visited 1 branch of the dungeon, and saw 8 of its levels.

You collected 374 gold pieces.

Inventory:

Hand Weapons
 e - a +3 dagger of venom (weapon)
 f - a +5 short sword of speed
 K - a +1 short sword of holy wrath
Missiles
 a - 145 stones
 i - 23 poisoned darts
 n - 2 throwing nets
 A - 53 sling bullets
 J - 26 arrows
Armour
 j - a +0 cloak (worn)
 C - the +1 Delatra's gloves (worn) {ID++}
   (You found it on level 4 of the Dungeon)

   It heals its wearer when they drink unknown potions.
   It restores its wearer's MP when they read unknown scrolls.
 E - the +2 pair of boots "Qargh" (worn) {+Blink Int+4 Dex+2}
   (You found it on level 5 of the Dungeon)

   Int:       It affects your intelligence (+4).
   Dex:       It affects your dexterity (+2).
   +Blink:    It lets you blink.
Jewellery
 g - a ring of see invisible
 m - a +6 ring of intelligence
 r - a +6 ring of intelligence (left hand)
 H - a ring of poison resistance (right hand)
 M - an amulet of reflection
Wands
 b - a wand of iceblast (2)
 y - a wand of flame (31)
Scrolls
 k - a scroll of fear {unknown}
 o - a scroll of magic mapping {unknown}
 p - a scroll of enchant weapon {unknown}
 q - 3 scrolls of identify
 v - a scroll of fog {unknown}
 w - a scroll of blinking {unknown}
 B - 2 scrolls of immolation {unknown}
 D - a scroll of brand weapon {unknown}
 I - a scroll of noise
Potions
 c - 2 potions of brilliance
 l - a potion of invisibility {unknown}
 s - a potion of mutation {unknown}
 t - a potion of might {unknown}
 u - a potion of curing
 x - 2 potions of resistance
 z - a potion of ambrosia {unknown}
 F - a potion of degeneration {unknown}
 G - a potion of heal wounds {unknown}
 L - a potion of attraction


   Skills:
 + Level 6.2 Fighting
 - Level 4.3 Short Blades
 - Level 3.0 Dodging
 - Level 1.7 Stealth
 - Level 5.3 Spellcasting
 + Level 9.1 Conjurations
 - Level 4.0 Evocations


You had 15 spell levels left.
You knew the following spells:

 Your Spells              Type           Power      Damage    Failure   Level
a - Magic Dart            Conj           100%       1d8       1%          1
b - Searing Ray           Conj           100%       2d8       1%          2

Your spell library contained the following spells:

 Spells                   Type           Power      Damage    Failure   Level
 Freeze                   Ice            28%        1d5       6%          1
 Dazzling Flash           Conj/Hex       68%        N/A       2%          3
 Fulminant Prism          Conj/Hex       17%        3d11      10%         4
 Iskenderun's Mystic Bla  Conj/Tloc      34%        2d8       10%         4


Dungeon Overview and Level Annotations

Branches:
Dungeon (7/15)
 Temple: D:4-7

Altars:
Dithmenos
Elyvilon
Gozag
Uskayaw
Vehumet
Zin

Annotations:
D:8 Maurice, Psyche


Innate Abilities, Weirdness & Mutations

Your dull iron-grey scales are very hard. (AC +12)
You are amphibious.
You cannot fit into any form of body armour.
You are cold-blooded and may be slowed by cold attacks.


Message History

The bullfrog hits you.
You closely miss the bullfrog.
The bullfrog is severely wounded.
You feel sick.
You are no longer poisoned.
The killer bee stings you!
The bullfrog hits you but does no damage.
You hit the bullfrog.
The bullfrog is almost dead.
The killer bee stings you but does no damage.
Psyche casts a cantrip, but nothing happens.
The bullfrog hits you.
* * * LOW HITPOINT WARNING * * *
Casting: Searing Ray (safe; 1% risk of failure)
Confirm with . or Enter, or press ? or * to list all spells.
Aiming: Searing Ray (safe; 1% risk of failure)
Press: ? - help, Shift-Dir - straight line, f - Psyche
Aim: Psyche, wielding a +4 dagger of chaos, wearing a +0 robe and carrying a wand of iceblast (5) (79% to hit)
The searing ray hits the bullfrog.
You kill the bullfrog!
Vehumet accepts your kill.
The searing ray misses Psyche. (Press . to maintain the ray.)
The killer bee stings you but does no damage. x2
The searing ray hits Psyche.
Psyche is lightly wounded.
The killer bee stings you but does no damage.
The searing ray hits Psyche!
Psyche is heavily wounded.
You feel yourself slow down.
The killer bee stings you but does no damage.
Psyche casts a spell at you. You resist with some effort.
The searing ray hits Psyche.
Psyche is heavily wounded.
You finish channelling your searing ray.
The killer bee stings you.
* * * LOW HITPOINT WARNING * * *
Psyche hits you but does no damage.
You are electrocuted!
You die...

##
..........##.#+#+#.
.# ..
...##########.##
##.## .. ...
#...#####...## ..
... #..#..y....#..#
.. ...
##...#####..y# ..
##.## ##.## .. #.#
#y# .. #@# #.# ..
#@# #y# ## ##y##
##.## #
##.yy#####...# #
#..#yc..y..#..#
##...#####...##
##.## ##.## ## ##


You could see Psyche, a centaur and 4 killer bees.

Vanquished Creatures
  Joseph (D:8)
  A wyvern (D:8)
  2 ice beasts
  2 orc warriors
  3 necrophages
  A black bear (D:5)
  A centaur (D:6)
  A phantom (D:5)
  A kobold brigand (D:6)
  5 bullfrogs (D:8)
  2 killer bees (D:8)
  A water moccasin skeleton (D:5)
  A howler monkey (D:6)
  A bullfrog zombie (D:4)
  A hound (D:3)
  A gnoll shaman (D:6)
  4 orc priests (D:6)
  A jelly (D:5)
  A bullfrog skeleton (D:5)
  A centaur skeleton (D:6)
  Jessica (D:3)
  6 orc wizards (D:4)
  5 iguanas
  Natasha (twice) (D:3)
  A hound skeleton (D:4)
  Robin (D:3)
  10 gnolls
  7 adders
  A white imp (D:5)
  An ufetubus (D:6)
  6 dart slugs
  23 orcs
  11 bats
  10 endoplasms
  19 goblins
  7 hobgoblins
  3 quokkas
  8 ball pythons
  6 frilled lizards
  13 kobolds
  4 rats
177 creatures vanquished.

Vanquished Creatures (others)
  11 plants (D:8)
11 creatures vanquished.

Grand Total: 188 creatures vanquished

Notes
Turn   | Place    | Note
-------+----------+-------------------------------------------
     0 | D:1      | jamesp the Draconian Conjurer began the quest for the Orb.
     0 | D:1      | Reached XP level 1. HP: 14/14 MP: 3/3
    53 | D:1      | Found a faded altar of an unknown god.
   274 | D:1      | Reached XP level 2. HP: 20/20 MP: 0/5
   747 | D:1      | Reached XP level 3. HP: 25/26 MP: 6/6
  1343 | D:2      | Reached XP level 4. HP: 33/33 MP: 4/8
  1730 | D:3      | Noticed Jessica
  1738 | D:3      | Killed Jessica
  1739 | D:3      | Reached XP level 5. HP: 38/38 MP: 9/9
  1761 | D:3      | Noticed Robin
  1785 | D:2      | Reached skill level 5 in Conjurations
  1844 | D:3      | Killed Robin
  2218 | D:3      | Reached skill level 1 in Short Blades
  2368 | D:3      | Reached XP level 6. HP: 28/45 MP: 7/11
  2480 | D:3      | Noticed Natasha
  2485 | D:3      | Killed Natasha
  2513 | D:3      | Noticed Natasha
  2522 | D:3      | Killed Natasha
  2724 | D:3      | Learned a level 2 spell: Searing Ray
  3525 | D:4      | Reached skill level 6 in Conjurations
  3525 | D:4      | Your scales start taking on a dull iron-grey colour.
  3525 | D:4      | Reached XP level 7. HP: 32/50 MP: 6/13
  3673 | D:4      | Found a radiant altar of Vehumet.
  3753 | D:4      | Became a worshipper of Vehumet
  3880 | D:5      | Entered Level 5 of the Dungeon
  3930 | D:4      | Found the +1 Delatra's gloves {ID++}
  3950 | D:4      | Reached skill level 5 in Spellcasting
  4079 | D:5      | Identified the +2 pair of boots "Qargh" {+Blink Int+4
                  | Dex+2}
  4200 | D:5      | Found a glowing silver altar of Zin.
  4200 | D:5      | Found a shadowy altar of Dithmenos.
  4229 | D:5      | Reached XP level 8. HP: 39/57 MP: 15/15
  4330 | D:5      | Found a hide-covered altar of Uskayaw.
  4330 | D:5      | Noticed a +0 hand axe
  4330 | D:5      | Noticed a +0 dagger
  4491 | D:5      | Reached skill level 1 in Fighting
  4491 | D:5      | Reached skill level 1 in Evocations
  4539 | D:5      | Reached skill level 7 in Conjurations
  4597 | D:5      | Found an opulent altar of Gozag.
  5189 | D:6      | Reached * piety under Vehumet
  5189 | D:6      | Offered knowledge of Freeze by Vehumet.
  5882 | D:6      | Found a white marble altar of Elyvilon.
  6038 | D:6      | Reached skill level 8 in Conjurations
  6038 | D:6      | Reached XP level 9. HP: 63/71 MP: 12/16
  6190 | D:6      | You fall into a shaft and drop 2 floors!
  6198 | D:8      | Noticed Joseph
  6234 | D:8      | Reached skill level 5 in Fighting
  6250 | D:8      | Killed Joseph
  6265 | D:8      | Noticed a centaur warrior
  6271 | D:8      | Noticed Maurice
  6281 | D:8      | Noticed Psyche
  6325 | D:8      | Reached skill level 9 in Conjurations
  6336 | D:8      | Slain by Psyche

Illustrated notes

Levels and vault maps discovered:
D:1:      dpeg_arrival_rhombi, layout_basic, basic_ecumenical_altar,
          dk_noncrumbling_2
D:2:      layout_rooms
D:3:      layout_basic, uniq_jessica, uniq_robin, uniq_natasha
D:4:      layout_basic, vehumet_altar_wand_db, pf_guarded_unrand_delatra
D:5:      layout_basic, dancing_weapons_uskayaw,
          nicolae_gozag_cash_rules_everything_around_me,
          gammafunk_temple_overflow_wave, hex_tiny, nrook_mini_backslash
D:6:      layout_basic, old_standard_altar
D:7:      layout_loops_ring, minmay_temple_entry_waves
D:8:      layout_basic, kennysheep_mini, minmay_misc_feat_tower,
          minmay_shattered_shrine, uniq_psyche, uniq_joseph, uniq_maurice

Skill      XL: |  1  2  3  4  5  6  7  8  9 |
---------------+----------------------------+-----
Dodging        | 2 3 |  3.0
Spellcasting   | 3 4 5 |  5.3
Conjurations   | 5 6 8 9 |  9.1
Short Blades   | 1 3 4 |  4.3
Fighting       | 4 6 |  6.2
Evocations     | 3 4 |  4.0
Stealth        | |  1.7

Action                   |  1- 3 |  4- 6 |  7- 9 || total
-------------------------+-------+-------+-------++-------
Melee: Unarmed           |     2 |       |       ||     2
       Dagger            |    69 |   203 |   258 ||   530
       Tailslap          |    11 |    27 |    47 ||    85
       Punch             |       |     2 |     6 ||     8
       Short sword       |       |       |    11 ||    11
 Cast: Magic Dart        |    31 |    36 |    35 ||   102
       Searing Ray       |       |     1 |     8 ||     9
Evoke: Wand              |       |       |    12 ||    12
  Use: Potion            |       |     2 |     3 ||     5
       Scroll            |       |       |     3 ||     3
 Stab: Sleeping          |       |     2 |       ||     2
Armor: Skin              |    25 |    94 |   119 ||   238
Dodge: Dodged            |    40 |   113 |   173 ||   326
